 Dungeon Crawl Stone Soup version 0.14-a0-405-gb95792f (console) character file.

3964 Kellhus the Basher (level 9, -14/63 HPs)
             Began as a Mummy Chaos Knight on Oct 27, 2013.
             Was a Plaything of Xom.
             Demolished by an ogre
             ... wielding a cursed -3,-1 giant spiked club
              (16 damage)
             ... on Level 8 of the Dungeon.
             The game lasted 00:15:44 (10194 turns).

Kellhus the Basher (Mummy Chaos Knight)            Turns: 10194, Time: 00:15:45

HP -14/63        AC 10     Str 18      XL: 9   Next: 42%
MP   9/9         EV  4     Int 11      God: Xom
Gold 1190        SH  0     Dex 11      Spells:  0 memorised,  8 levels left

Res.Fire  : x . .   See Invis. : .   v - +2 dire flail (chaos)
Res.Cold  : + . .   Warding    : .   q - +0 plate armour
Life Prot.: + + +   Conserve   : .   (no shield)
Res.Poison: +       Res.Corr.  : .   (no helmet)
Res.Elec. : .       Clarity    : .   (no cloak)
Sust.Abil.: . .     Spirit.Shd : .   (no gloves)
Res.Mut.  : .       Stasis     : .   (no boots)
Res.Rott. : +       Flight     : .   (no amulet)
Saprovore : . . .                    (no ring)
                                     t - ring of hunger {unknown}

@: confused, somewhat resistant to hostile enchantments, extremely unstealthy
A: no food or potions, fire vulnerability, restore body, cold resistance 1, life
protection 3, poison resistance, torment resistance, unbreathing
a: Renounce Religion


You were on level 8 of the Dungeon.
You worshipped Xom.
You were a special plaything of Xom.
You were not hungry.

You visited 1 branch of the dungeon, and saw 8 of its levels.

You collected 1170 gold pieces.

Inventory:

Hand weapons
 a - a +0,-1 mace of chaos
 v - a +2,+2 dire flail of chaos (weapon)
Missiles
 m - 13 poisoned needles
 r - 7 tomahawks (quivered)
Armour
 b - a +2 leather armour
 q - a +0 plate armour (worn)
 u - a +2 orcish robe of fire resistance
Magical devices
 k - a wand of digging (1)
 n - a wand of cold (0)
 w - a wand of confusion (8)
Scrolls
 c - a scroll of teleportation
 d - 11 scrolls of identify {unknown}
 e - a scroll of curse weapon {unknown}
 f - 2 scrolls of noise {unknown}
 g - a scroll of curse armour {unknown}
 h - 4 scrolls of remove curse
 j - 2 scrolls of amnesia {unknown}
 l - 2 scrolls of magic mapping {unknown}
 o - a scroll of enchant weapon I {unknown}
 p - a scroll of blinking {unknown}
 s - a scroll of fog {unknown}
Jewellery
 i - an uncursed amulet of inaccuracy {unknown}
 t - a ring of hunger (left hand) {unknown}
Miscellaneous
 x - a legendary deck of war


   Skills:
 - Level 3.0 Fighting
 + Level 11.1 Maces & Flails
 - Level 1.5 Armour
 - Level 0.7 Dodging


You had 8 spell levels left.
You didn't know any spells.

Dungeon Overview and Level Annotations

Branches:
Dungeon (8/27)             Temple (0/1) D:4
    Orc: D:6-11        Lair: D:8-13

Altars:
Nemelex Xobeh

Annotations:
D:6 exclusion: 2 centaurs, kerensky's ghost, experienced SpCK


Innate Abilities, Weirdness & Mutations

You do not eat or drink.
Your flesh is vulnerable to fire.
Your flesh is cold resistant.
You are immune to negative energy.
Your system is resistant to poisons.
You are immune to unholy pain and torment.
You can survive without breathing.


Message History

Found a twisted silver wand.
Found a stone staircase leading down and a stone staircase leading up.
You see here a twisted runed staff.
A giant frog comes into view.
The giant frog croaks.
The ogre hits you with a giant spiked club!
* * * LOW HITPOINT WARNING * * *
The ogre hits you but does no damage.
You closely miss the ogre. You closely miss the giant frog.
The ogre hits you with a giant spiked club.
* * * LOW HITPOINT WARNING * * *
The giant frog hits you but does no damage.
You hit the ogre but do no damage.
The giant frog hits you but does no damage.
The giant frog hits you.
* * * LOW HITPOINT WARNING * * *
The ogre hits you with a giant spiked club!
You die...
Xom howls with laughter!

............. ...
............... ....![
...............<. .......
...........................
...........................
..........|.................
#.....(......[...............
#...........O................
#...........@F...............
#...........................
#...........................
#....................[......
#...........................
#................. ........
#..............?. .......
#............... ........
............. .........


You could see an ogre and a giant frog.

Vanquished Creatures
  A steam dragon (D:7)
  A manticore (D:8)
  A phantom (D:6)
  An ice beast (D:7)
  A sky beast (D:6)
  A black bear (D:8)
  2 centaurs
  An ogre (D:6)
  A giant frog (D:7)
  Blork the orc (D:5)
  A hippogriff zombie (D:7)
  5 wights
  6 killer bees (D:8)
  3 jellies
  6 crimson imps
  2 goliath beetles
  2 hounds (D:7)
  A gnoll shaman (D:5)
  2 orc priests
  2 iguanas
  2 orc wizards
  A scorpion (D:6)
  10 worker ants
  A hound skeleton (D:5)
  A hound zombie (D:7)
  11 adders
  A giant centipede (D:4)
  7 gnolls
  2 worms (D:4)
  A giant eyeball (shapeshifter) (D:6)
  A giant gecko (D:4)
  10 orcs
  2 ball pythons (D:2)
  6 giant cockroaches
  15 goblins
  23 hobgoblins
  3 jackals (D:4)
  3 quokkas
  9 bats
  2 giant eyeballs (D:7)
  3 giant newts
  A hobgoblin skeleton (D:4)
  A jackal zombie (D:5)
  12 kobolds
  15 rats
  A rat zombie (D:5)
185 creatures vanquished.

Vanquished Creatures (collateral kills)
  An orc warrior (D:7)
1 creature vanquished.

Grand Total: 186 creatures vanquished

Notes
Turn   | Place    | Note
--------------------------------------------------------------
     0 | D:1      | Kellhus, the Mummy Chaos Knight, began the quest for the Orb.
     0 | D:1      | Reached XP level 1. HP: 16/16 MP: 1/1
   125 | D:1      | XOM: harmless Fire miscast
   145 | D:1      | Reached XP level 2. HP: 22/22 MP: 2/2
   701 | D:1      | XOM: harmless Tloc miscast
   959 | D:2      | Reached XP level 3. HP: 28/28 MP: 3/3
   982 | D:2      | XOM: divination: detect items
  1145 | D:2      | XOM: harmless Fire miscast
  1575 | D:2      | Reached skill level 4 in Maces & Flails
  1710 | D:2      | XOM: harmless Trmt miscast
  1737 | D:2      | XOM is BORED!
  1737 | D:2      | XOM: harmless Hex miscast
  1753 | D:2      | Reached XP level 4. HP: 32/34 MP: 4/4
  1968 | D:2      | XOM: silly message
  2482 | D:3      | XOM: divination: detect items
  2929 | D:3      | XOM: colour smoke trail
  2957 | D:4      | Reached XP level 5. HP: 27/39 MP: 5/5
  3068 | D:4      | Found a staircase to the Ecumenical Temple.
  3101 | D:4      | XOM: medium Trmt miscast
  3198 | D:4      | Reached skill level 5 in Maces & Flails
  3393 | D:4      | Found a sparkling altar of Nemelex Xobeh.
  3492 | D:4      | XOM: enchant monster (bad)
  3535 | D:4      | XOM: polymorph worker ant -> giant centipede
  3553 | D:4      | XOM: mild Summ miscast
  3823 | D:4      | Reached XP level 6. HP: 24/46 MP: 6/6
  4187 | D:4      | XOM: blink monster(s)
  4198 | D:4      | XOM: blink monster(s)
  4208 | D:4      | Reached skill level 6 in Maces & Flails
  4519 | D:5      | Entered Level 5 of the Dungeon
  4823 | D:5      | XOM: medium Trmt miscast
  4948 | D:5      | XOM: mild Tloc miscast
  5075 | D:5      | XOM: noise
  5268 | D:5      | XOM: divination: magic mapping
  5309 | D:5      | Reached XP level 7. HP: 51/51 MP: 7/7
  5338 | D:5      | XOM: mild Hex miscast
  5491 | D:5      | XOM: vitrification
  5585 | D:5      | XOM: god gift: runed dire flail {god gift}
  5686 | D:5      | XOM: divination: detect creatures
  5688 | D:5      | Reached skill level 7 in Maces & Flails
  5705 | D:5      | XOM: noise
  5714 | D:5      | Noticed Blork the orc
  5735 | D:5      | Killed Blork the orc
  5753 | D:5      | XOM: colour smoke trail
  5955 | D:5      | XOM: noise
  6282 | D:6      | Reached skill level 8 in Maces & Flails
  6445 | D:6      | Reached XP level 8. HP: 31/58 MP: 8/8
  6728 | D:6      | XOM: confusion
  6865 | D:6      | XOM: harmless Fire miscast
  6905 | D:6      | Noticed kerensky's ghost (experienced SpCK)
  6905 | D:6      | XOM: cast spell 'Discord'
  6937 | D:6      | XOM: enchant monster (bad)
  7047 | D:6      | XOM: divination: detect items
  7170 | D:6      | Reached skill level 9 in Maces & Flails
  7172 | D:6      | XOM: noise
  7195 | D:6      | XOM: divination: magic mapping
  7197 | D:6      | XOM: swap monsters
  7554 | D:7      | XOM: mild Tloc miscast
  8019 | D:7      | XOM: confusion
  8290 | D:7      | Reached skill level 10 in Maces & Flails
  8521 | D:7      | XOM: god gift: legendary deck of cards {god gift}
  8522 | D:7      | XOM: medium Conj miscast
  8525 | D:7      | XOM: silly message
  8525 | D:7      | Xom revived you
  8552 | D:7      | Reached XP level 9. HP: 11/63 MP: 9/9
  8877 | D:7      | XOM: inner flame monster(s)
  9379 | D:7      | XOM: vitrification
  9382 | D:7      | XOM: vitrification
  9507 | D:8      | XOM: summons friendly ufetubus
  9742 | D:8      | XOM: god gift: 930 gold pieces
  9761 | D:8      | XOM: 4-stop teleportation journey
  9938 | D:8      | Reached skill level 11 in Maces & Flails
  9990 | D:8      | XOM: god gift: 16 gold pieces
 10168 | D:8      | XOM: god gift: leather armour {god gift}
 10170 | D:8      | XOM: confusion
 10175 | D:8      | XOM: divination: detect creatures
 10178 | D:8      | XOM: 1-stop teleportation journey
 10180 | D:8      | XOM: silly message
 10186 | D:8      | XOM: silly message
 10192 | D:8      | HP: 3/63 [ogre/giant spiked club (3)]
 10194 | D:8      | Demolished by an ogre

Action                   |  1- 3 |  4- 6 |  7- 9 || total
-------------------------+-------+-------+-------++-------
Melee: Mace              |   152 |   231 |    38 ||   421
       Dire flail        |       |       |   343 ||   343
Evoke: Wand              |       |     8 |     6 ||    14
  Use: Scroll            |       |       |     4 ||     4
 Stab: Paralysed         |     1 |       |     7 ||     8
